AoeStats
← WaRe MPaSsioN

Black Forest

510491190Analyzed
4v4 RM · 1d ago on Oct 1, 2026· 53m 21s· 8 players
Game mode
Random Map
Map size
Large (8 player)
Population
200
Speed
Normal
Resources
Standard
Victory
Conquest
Starting age
Dark Age
Ending age
Imperial Age
RankedLock teamsTeams togetherTeam positionsShared explorationLock speedFull tech treeHidden civsTurbo modeCheats
Victory
Defeat
🇲🇽 Goths · Mexico
1125
+15
🇲🇽 Byzantines · Mexico
1124
+15
🇫🇷 Bohemians · France
1108
+16
🇲🇽 Britons · Mexico
1098
+16
🇬🇷 Mongols · Greece
1139
-17
🇨🇿 Italians · Czechia
1137
-16
🇨🇳 Dravidians · China
1113
-16
🇫🇷 Sicilians · France
1048
-13
Gonnar
9:27 Feudal Age
9:01 Loom
14:12 Fletching
21:33 Castle Age
22:12 Bodkin Arrow
24:38 Double-Bit Axe
26:42 Horse Collar
28:39 Fishing Lines
30:50 Town Watch
31:43 Wheelbarrow
31:26 Gillnets
36:34 Imperial Age
34:41 Yeomen
34:03 Crossbowman
35:22 Padded Archer Armor
35:35 Gold Mining
36:22 Leather Archer Armor
37:43 Conscription
38:13 Hand Cart
38:36 Gold Shaft Mining
37:50 Arbalester
41:01 Chemistry
40:21 Ballistics
41:22 Caravan
41:36 Bracer
42:08 Ring Archer Armor
44:41 Guilds
44:43 Warwolf
47:01 Forging
46:51 Scale Mail Armor
48:49 Iron Casting
48:05 Pikeman
48:46 Squires
48:31 Gambesons
48:37 Halberdier
51:09 Siege Engineers
50:46 Treadmill Crane
52:08 Blast Furnace
51:24 Chain Mail Armor
Cryptomage
2:07 Loom
12:10 Feudal Age
12:55 Fishing Lines
14:34 Double-Bit Axe
17:04 Castle Age
18:03 Gillnets
19:08 Wheelbarrow
20:23 Bow Saw
20:58 Horse Collar
29:13 Imperial Age
28:17 Chemistry
27:42 Hand Cart
28:12 Ballistics
28:46 Fletching
28:57 Padded Archer Armor
29:11 Heavy Plow
29:15 Houfnice
30:58 Bodkin Arrow
31:05 Scale Mail Armor
31:17 Forging
30:33 Pikeman
31:14 Squires
32:36 Siege Engineers
32:55 Squires
33:03 Bracer
33:42 Masonry
35:15 Leather Archer Armor
34:27 Halberdier
36:27 Iron Casting
53:03 Chain Mail Armor
53:49 Blast Furnace
53:20 Ring Archer Armor
52:53 Caravan
LG_Mr.Konnik
8:42 Loom
11:21 Feudal Age
12:04 Double-Bit Axe
11:44 Man-at-Arms
17:06 Fletching
18:09 Scale Mail Armor
25:48 Castle Age
25:49 Horse Collar
27:10 Bow Saw
27:11 Gold Mining
29:34 Wheelbarrow
29:38 Forging
31:46 Fishing Lines
35:37 Imperial Age
32:48 Long Swordsman
34:08 Iron Casting
33:23 Treadmill Crane
34:13 Stone Mining
35:38 Chain Mail Armor
35:59 Two-Handed Swordsman
37:22 Hand Cart
37:14 Perfusion
37:35 Conscription
38:18 Blast Furnace
38:30 Chemistry
38:33 Padded Archer Armor
37:59 Elite Huskarl
39:30 Anarchy
40:40 Leather Archer Armor
40:30 Squires
39:52 Champion
40:49 Heavy Plow
43:36 Two-Man Saw
43:13 Crop Rotation
47:48 Stone Shaft Mining
LG_Parzival
0:33 Loom
13:07 Feudal Age
19:32 Castle Age
18:16 Double-Bit Axe
20:14 Wheelbarrow
21:40 Gold Mining
27:06 Fishing Lines
27:48 Bow Saw
32:22 Imperial Age
30:42 Pikeman
31:28 Scale Mail Armor
33:40 Forging
34:26 Conscription
34:18 Halberdier
34:59 Squires
34:55 Gambesons
35:26 Chain Mail Armor
35:35 Hand Cart
36:55 Fortified Wall
37:35 Iron Casting
38:18 Two-Man Saw
37:57 Plate Mail Armor
37:34 Scale Barding Armor
38:26 Elite Cataphract
40:00 Gold Shaft Mining
39:30 Stone Mining
40:26 Gillnets
41:41 Ballistics
41:23 Fletching
41:54 Chain Barding Armor
41:36 Padded Archer Armor
43:19 Chemistry
43:31 Stone Shaft Mining
43:14 Logistica
46:57 Bodkin Arrow
48:05 Elite Skirmisher
50:48 Caravan
WaRe MPaSsioN
0:29 Loom
12:00 Feudal Age
15:12 Town Watch
16:14 Fletching
23:29 Horse Collar
23:37 Double-Bit Axe
27:38 Castle Age
29:43 Wheelbarrow
32:09 Heavy Plow
36:34 Imperial Age
34:43 Gold Mining
34:51 Stone Mining
34:55 Pikeman
35:55 Town Patrol
37:11 First Crusade
37:32 Ballistics
37:08 Murder Holes
37:16 Padded Archer Armor
37:40 Elite Skirmisher
39:51 Halberdier
43:14 Conscription
45:24 Chemistry
DESTINNI
0:59 Loom
11:55 Feudal Age
12:40 Double-Bit Axe
24:54 Castle Age
23:05 Horse Collar
24:08 Town Watch
26:16 Bow Saw
29:17 Wheelbarrow
29:07 Heavy Plow
31:53 Gold Mining
35:21 Imperial Age
35:02 Hand Cart
37:08 Chemistry
36:12 Fletching
37:33 Ballistics
37:09 Bodkin Arrow
37:15 Padded Archer Armor
37:20 Stone Mining
38:55 Conscription
38:37 Bracer
38:52 Leather Archer Armor
39:26 Stone Shaft Mining
39:31 Fortified Wall
39:32 Masonry
39:04 Onager
40:55 Caravan
43:31 Ring Archer Armor
44:04 Silk Road
46:34 Architecture
46:00 Elite Genoese Crossbowman
47:37 Murder Holes
47:23 Treadmill Crane
47:44 Scale Mail Armor
48:36 Hoardings
50:01 Thumb Ring
50:19 Pirotechnia
51:31 Squires
51:16 Arson
51:35 Scale Mail Armor
51:45 Forging
53:43 Chain Mail Armor
54:03 Iron Casting
gpal23
4:52 Loom
4:59 Loom
12:07 Feudal Age
13:26 Horse Collar
17:56 Castle Age
16:52 Gold Mining
16:49 Double-Bit Axe
19:14 Fletching
26:52 Wheelbarrow
27:10 Fishing Lines
28:28 Hand Cart
28:48 Gillnets
29:18 Heavy Plow
32:06 Imperial Age
30:10 Ballistics
30:41 Caravan
30:56 Bow Saw
30:53 Thumb Ring
31:30 Bodkin Arrow
31:36 Padded Archer Armor
32:45 Scale Barding Armor
32:51 Forging
33:41 Leather Archer Armor
33:39 Bloodlines
33:30 Husbandry
32:50 Elite Steppe Lancer
34:56 Chain Barding Armor
35:59 Chemistry
35:23 Conscription
37:14 Masonry
40:02 Iron Casting
40:14 Elite Mangudai
45:36 Blast Furnace
44:36 Bracer
45:49 Light Cavalry
Mars'plants
12:44 Feudal Age
16:28 Castle Age
14:22 Double-Bit Axe
19:06 Loom
19:57 Wheelbarrow
19:37 Bow Saw
19:10 Horse Collar
25:17 Hand Cart
24:47 Town Watch
29:22 Imperial Age
26:27 Man-at-Arms
26:28 Pikeman
27:09 Squires
26:54 Arson
27:26 Forging
27:16 Scale Mail Armor
27:23 Heavy Plow
27:16 Gold Mining
27:10 Long Swordsman
27:35 Gambesons
30:31 Conscription
30:44 Wootz Steel
29:47 Halberdier
29:48 Two-Handed Swordsman
31:08 Iron Casting
30:48 Chain Mail Armor
30:34 Champion
33:46 Blast Furnace
33:02 Chain Mail Armor
38:10 Plate Mail Armor
48:55 Two-Man Saw
Connection lost

Rejoining the realm…

Still unreachable

The connection could not be restored.

Session expired

The server has moved on; the page needs a fresh start.